 Dungeon Crawl Stone Soup version 0.32-a0-913-g739538afd8 (webtiles) character file.

Game seed: 6957856197343810213

14180 Rohain the Thaumaturge (level 12, -5/94 HPs)
             Began as a Gnoll Warper on Apr 7, 2024.
             Was an Elder of Okawaru.
             Killed by divine providence
             ... invoked by an orc priest
              (15 damage)
             ... on level 11 of the Dungeon.
             The game lasted 00:25:33 (11006 turns).

Rohain the Thaumaturge (Gnoll Warper)              Turns: 11006, Time: 00:25:34

Health: -5/94      AC: 22    Str: 10    XL:     12   Next: 13%
Magic:  23/25      EV: 11    Int: 15    God:    Okawaru [****..]
Gold:   1191       SH:  5    Dex: 15    Spells: 24/29 levels left

rFire   . . .        W - +4 morningstar (freeze)
rCold   . . .        (no shield)
rNeg    . . .        K - +6 scale mail of Usiopemi {Regen+}
rPois   .            g - +1 helmet
rElec   .            n - +1 cloak {Stlth+}
rCorr   .            e - +0 pair of gloves
SInv    .            v - +1 pair of boots
Will    .....        T - amulet of reflection
Stlth   +++          (no ring)
HPRegen 1.15/turn    (no ring)
MPRegen 0.19/turn

%: reflection
@: on blink cooldown, studying Staves
A: fangs 1, strong nose, distributed training
a: Renounce Religion, Heroism, Finesse


You were on level 11 of the Dungeon.
You worshipped Okawaru.
Okawaru was greatly pleased with you.
You visited 2 branches of the dungeon, and saw 12 of its levels.
You also visited: Sewer, Ossuary and Bailey.

You collected 1191 gold pieces.

Inventory:

Hand Weapons
 a - a +0 spear of protection
 q - a +3 dagger of freezing
 P - a +2 morningstar of protection
 W - a +4 morningstar of freezing (weapon)
Missiles
 d - 7 darts of dispersal
 h - 19 poisoned darts
 i - a throwing net
 x - 2 javelins
 z - a curare-tipped dart
 J - 16 boomerangs
 M - 3 datura-tipped darts
 N - 10 atropa-tipped darts
Armour
 e - a +0 pair of gloves (worn)
 g - a +1 helmet (worn)
 n - a +1 cloak of stealth (worn)
 v - a +1 pair of boots (worn)
 y - the +0 ring mail of Mius {Will+ Slay+3}
   (You found it on level 5 of the Dungeon)

   Slay+3:    It affects your accuracy & damage with ranged weapons and melee
   (+3).
   Will+:     It increases your willpower.
 K - the +6 scale mail of Usiopemi (worn) {Regen+}
   (You found it in an ossuary)

   Regen+:    It increases your rate of health regeneration.
Jewellery
 G - a ring of ice
 L - an amulet of magic regeneration
 O - a ring of flight
 T - an amulet of reflection (around neck)
Talismans
 j - a storm talisman
 o - a flux talisman
 p - a beast talisman
Wands
 D - a wand of flame (28)
 S - a wand of mindburst (17)
 U - a wand of polymorph (8)
 Y - a wand of paralysis (5)
 Z - a wand of roots (3)
Scrolls
 c - 2 scrolls of blinking
 t - 3 scrolls of fear
 w - a scroll of vulnerability
 E - 6 scrolls of teleportation
 F - 3 scrolls of poison
 H - 2 scrolls of immolation
 Q - 3 scrolls of enchant weapon
 R - 4 scrolls of identify
 V - a scroll of amnesia
Potions
 b - 6 potions of heal wounds
 f - 7 potions of brilliance
 k - 2 potions of haste {unknown}
 l - 5 potions of curing
 m - a potion of might
 r - a potion of berserk rage {unknown}
 s - 3 potions of lignification
 A - a potion of mutation {unknown}
 B - a potion of invisibility {unknown}
 C - 4 potions of enlightenment
 I - 16 potions of degeneration
 X - a potion of resistance {unknown}


   Skills:
 + Level 8.9 Fighting
 + Level 7.5 Short Blades
 + Level 7.5 Long Blades
 + Level 7.5 Axes
 + Level 7.5 Maces & Flails
 + Level 8.9 Polearms
 + Level 8.3 Staves
 + Level 7.5 Ranged Weapons
 + Level 8.0 Throwing
 + Level 8.0 Armour
 + Level 8.9 Dodging
 + Level 7.5 Stealth
 + Level 7.5 Shields
 + Level 7.5 Unarmed Combat
 + Level 9.1 Spellcasting
 + Level 6.2 Conjurations
 + Level 6.2 Hexes
 + Level 6.2 Summonings
 + Level 6.2 Necromancy
 + Level 8.4 Translocations
 + Level 6.2 Fire Magic
 + Level 6.2 Ice Magic
 + Level 6.2 Air Magic
 + Level 6.2 Earth Magic
 + Level 6.2 Alchemy
 + Level 8.2 Invocations
 + Level 7.5 Evocations
 + Level 6.8 Shapeshifting


You had 24 spell levels left.
You knew the following spells:

 Your Spells              Type           Power      Damage    Failure   Level
a - Blink                 Tloc           64%        N/A       2%          2
b - Maxwell's Portable P  Tloc           32%        2d(8-23)  4%          3

Your spell library contained the following spells:

 Spells                   Type           Power      Damage    Failure   Level
 Lesser Beckoning         Tloc           64%        N/A       2%          2
 Foxfire                  Conj/Fire      100%       2x1d9     4%          1
 Teleport Other           Tloc           32%        N/A       4%          3
 Scorch                   Fire           50%        2d7       6%          2
 Inner Flame              Hex/Fire       25%        N/A       12%         3
 Vhi's Electric Charge    Tloc/Air       56%        N/A       26%         4
 Brom's Barrelling Bould  Conj/Erth      25%        2d5       38%         4
 Flame Wave               Conj/Fire      25%        2d8       38%         4
 Fireball                 Conj/Fire      12%        3d7       75%         5
 Irradiate                Conj/Alch      12%        3d15      75%         5
 Iskenderun's Battlesphe  Conj           25%        2d8       75%         5
 Conjure Ball Lightning   Conj/Air       12%        3x3d6     99%         6
 Plasma Beam              Fire/Air       12%        2x1d23    99%         6
 Starburst                Conj/Fire      12%        6d5       99%         6
 Orb of Destruction       Conj           12%        9d7       100%        7
 Ignition                 Fire           12%        3d6       100%        8
 Summon Cactus Giant      Summ           Unusable   N/A       N/A         6

Dungeon Overview and Level Annotations

Branches:
Dungeon (11/15)            Temple (1/1) D:4            Lair (0/5) D:9
    Orc (0/2) D:11          Sewer (visited)         Ossuary (visited)
 Bailey (visited)

Altars:
Ashenzari
Cheibriados
Dithmenos
Elyvilon
Fedhas
Gozag
Hepliaklqana
Kikubaaqudgha
Makhleb
Nemelex Xobeh
Okawaru
Qazlal
Ru
Sif Muna
Trog
Uskayaw
Vehumet
Wu Jian
Xom
Yredelemnul
Zin
The Shining One

Annotations:
D:9 1 runed translucent door
D:10 1 runed translucent door, Biggs's ghost, journeyman CoHu
D:11 Grum


Innate Abilities, Weirdness & Mutations

You have very sharp teeth.
Your uncanny sense of smell can sniff out nearby items.
Your experience applies equally to all skills.


Message History

The puff of flame hits you but does no damage.
Unknown command.
You sock something! You freeze something. Okawaru accepts your kill.
Reactivating autopickup.
You feel a bit more experienced.
The killer bee buzzes angrily.
You sock the yak! You freeze the yak.
The yak is moderately wounded.
You hear a shout!
The yak gores you. The yak gores you but does no damage.
You hit the yak but do no damage.
The yak is moderately wounded.
The orc priest calls down the wrath of Beogh upon you.
Beogh smites you! The yak gores you!
The orc priest calls down the wrath of Beogh upon you.
Beogh smites you!
You thump the yak! You freeze the yak!
The yak is almost dead.
The orc priest mumbles some strange prayers to Beogh against you.
Beogh smites you!
* * * LOW HITPOINT WARNING * * *
The yak gores you but does no damage.
The orc priest mumbles some strange prayers to Beogh against you.
Beogh smites you!
* * * LOW HITPOINT WARNING * * *
You hit the yak. You freeze the yak.
You kill the yak!
Okawaru accepts your kill.
Casting: Blink (safe; 2% risk of failure)
Confirm with . or Enter, or press ? or * to list all spells.
You blink.
Grum growls angrily.
The orc shouts!
The killer bee buzzes angrily.
The wolf bites you but does no damage. The orc priest misses you.
The orc priest invokes the aid of Beogh against you.
Beogh smites you!
* * * LOW HITPOINT WARNING * * *
The orc priest calls down the wrath of Beogh upon you.
Beogh smites you!
You die...

#......# .#
#.#...######.#
#......^.....#
#...o.#####..# #.g#.##
#..# ## #.####..#.# #..
.. #......oy.#
####.######
#####oo#####......†...
#@hT)C§..##.######
##o########.# #.# #.#
#.# #.# #.#### #.#
.######.##.#####.######
..........#...)........
##########.############
###


You could see a cyclops, Grum, a troll, a wolf, a killer bee, 3 orc priests and
an orc.

Vanquished Creatures
  A hydra (D:11)
  2 two-headed ogres (D:8)
  An elephant (D:9)
  4 molten gargoyles (D:9)
  Maggie (D:7)
  A tengu conjurer (D:8)
  A troll (D:11)
  A wyvern (D:11)
  A wraith (D:6)
  2 shadows
  14 yaks
  Eustachio (D:4)
  2 basilisks (D:9)
  A steam dragon (D:10)
  4 vampire mosquitoes (D:10)
  An acid dragon (D:10)
  Duvessa (D:5)
  4 black bears (D:6)
  13 orc warriors
  5 ice beasts
  2 sky beasts
  2 wolves (D:11)
  4 phantoms
  2 kobold brigands (Sewer)
  Blork the orc (D:6)
  3 bullfrogs (D:7)
  2 scorpions (D:5)
  9 water moccasin zombies
  A wyvern skeleton (D:5)
  A burial acolyte (Ossuary)
  3 wights
  Dowan (D:5)
  13 killer bees
  2 howler monkeys
  4 hounds
  A lava snake (D:9)
  5 orc priests
  Crazy Yiuf (D:3)
  2 bombardier beetles
  A human zombie (D:9)
  A bullfrog skeleton (D:5)
  A jelly (D:5)
  A human skeleton (D:9)
  A scorpion zombie (D:5)
  12 orc wizards
  4 iguanas
  3 crocodile zombies (Ossuary)
  3 hound zombies (D:5)
  2 mummies (Ossuary)
  A howler monkey zombie (D:5)
  8 adders
  5 gnolls
  2 shadow imps
  4 ufetubi
  5 adder zombies (Ossuary)
  An adder skeleton (D:5)
  2 dart slugs
  A ribbon worm (D:2)
  33 orcs
  9 ball pythons
  12 endoplasms
  6 giant cockroaches
  9 gnoll zombies (Ossuary)
  9 goblins
  6 hobgoblins
  7 jackals
  20 kobolds
  3 quokkas
  9 bats
  8 frilled lizards
  4 jackal zombies (Ossuary)
  7 orc zombies (Ossuary)
  5 rats
325 creatures vanquished.

Vanquished Creatures (others)
  An orc (D:8)
1 creature vanquished.

Grand Total: 326 creatures vanquished

Notes
Turn   | Place    | Note
-------+----------+-------------------------------------------
     0 | D:1      | Rohain the Gnoll Warper began the quest for the Orb.
     0 | D:1      | Reached XP level 1. HP: 20/20 MP: 6/6
   184 | D:1      | Reached XP level 2. HP: 19/26 MP: 7/7
   289 | D:1      | Learned a level 2 spell: Blink
   563 | D:1      | Reached skill level 5 in Spellcasting
   563 | D:1      | Reached XP level 3. HP: 31/31 MP: 7/9
   567 | D:1      | Learned a level 3 spell: Maxwell's Portable Piledriver
   804 | D:1      | Reached skill level 1 in Invocations
  1009 | D:1      | Found a hide-covered altar of Uskayaw.
  1151 | D:2      | Reached skill level 1 in Short Blades
  1151 | D:2      | Reached skill level 1 in Long Blades
  1151 | D:2      | Reached skill level 1 in Axes
  1151 | D:2      | Reached skill level 1 in Maces & Flails
  1151 | D:2      | Reached skill level 1 in Staves
  1151 | D:2      | Reached skill level 1 in Ranged Weapons
  1151 | D:2      | Reached skill level 1 in Stealth
  1151 | D:2      | Reached skill level 1 in Shields
  1151 | D:2      | Reached skill level 1 in Unarmed Combat
  1151 | D:2      | Reached skill level 1 in Evocations
  1471 | D:2      | Reached skill level 1 in Shapeshifting
  1471 | D:2      | Reached XP level 4. HP: 38/38 MP: 11/11
  1551 | D:2      | Reached skill level 1 in Conjurations
  1551 | D:2      | Reached skill level 1 in Hexes
  1551 | D:2      | Reached skill level 1 in Summonings
  1551 | D:2      | Reached skill level 1 in Necromancy
  1551 | D:2      | Reached skill level 1 in Fire Magic
  1551 | D:2      | Reached skill level 1 in Ice Magic
  1551 | D:2      | Reached skill level 1 in Air Magic
  1551 | D:2      | Reached skill level 1 in Earth Magic
  1551 | D:2      | Reached skill level 1 in Alchemy
  2017 | D:3      | Found a glowing drain.
  2050 | Sewer    | Entered a sewer
  2249 | Sewer    | Noticed a kobold brigand
  2281 | Sewer    | Killed a kobold brigand
  2282 | Sewer    | Reached XP level 5. HP: 9/43 MP: 5/12
  2450 | Sewer    | Reached skill level 5 in Throwing
  2450 | Sewer    | Reached skill level 5 in Armour
  2450 | Sewer    | Reached skill level 6 in Spellcasting
  2450 | Sewer    | Reached skill level 5 in Invocations
  2450 | Sewer    | Reached XP level 6. HP: 53/53 MP: 12/15
  2490 | Sewer    | Reached skill level 7 in Spellcasting
  2730 | D:3      | Found a white marble altar of Elyvilon.
  2816 | D:3      | Found a runed translucent door.
  2817 | D:3      | Noticed Crazy Yiuf
  2991 | D:3      | Reached XP level 7. HP: 59/59 MP: 17/17
  3341 | D:3      | Killed Crazy Yiuf
  3506 | D:4      | Noticed Eustachio
  3538 | D:4      | Killed Eustachio
  3826 | D:4      | Reached skill level 5 in Short Blades
  3826 | D:4      | Reached skill level 5 in Long Blades
  3826 | D:4      | Reached skill level 5 in Axes
  3826 | D:4      | Reached skill level 5 in Maces & Flails
  3826 | D:4      | Reached skill level 5 in Staves
  3826 | D:4      | Reached skill level 5 in Ranged Weapons
  3826 | D:4      | Reached skill level 5 in Stealth
  3826 | D:4      | Reached skill level 5 in Shields
  3826 | D:4      | Reached skill level 5 in Unarmed Combat
  3826 | D:4      | Reached skill level 5 in Evocations
  4030 | D:4      | Reached XP level 8. HP: 61/65 MP: 14/18
  4159 | D:4      | Found a staircase to the Ecumenical Temple.
  4169 | Temple   | Entered the Ecumenical Temple
  4302 | D:5      | Entered Level 5 of the Dungeon
  4306 | D:5      | Noticed Duvessa
  4307 | D:5      | Noticed Dowan
  4315 | D:5      | Killed Dowan
  4321 | D:5      | Killed Duvessa
  4329 | D:5      | Identified the +0 ring mail of Mius {Will+ Slay+3}
  4415 | D:5      | Found an ornate altar of the Wu Jian Council.
  4664 | D:5      | Found a bloodstained altar of Trog.
  4667 | D:5      | Found a snail-covered altar of Cheibriados.
  4676 | D:5      | Found a hazy altar of Hepliaklqana.
  5281 | D:6      | Reached XP level 9. HP: 49/72 MP: 20/20
  5602 | D:6      | Noticed Blork the orc
  5612 | D:6      | Killed Blork the orc
  5613 | D:6      | Reached skill level 5 in Shapeshifting
  5617 | D:6      | Found a glowing silver altar of Zin.
  5705 | D:6      | Found a sand-covered staircase.
  5716 | Ossuary  | Entered an ossuary
  6266 | Ossuary  | Identified the +6 scale mail of Usiopemi {Regen+}
  6517 | D:6      | Found a glowing golden altar of the Shining One.
  6837 | D:7      | Noticed Maggie
  6876 | D:7      | Killed Maggie
  6877 | D:7      | Reached XP level 10. HP: 20/79 MP: 17/21
  6914 | D:7      | Found a flagged portal.
  6964 | Bailey   | Entered a bailey
  7124 | Bailey   | Reached skill level 5 in Conjurations
  7124 | Bailey   | Reached skill level 5 in Hexes
  7124 | Bailey   | Reached skill level 5 in Summonings
  7124 | Bailey   | Reached skill level 5 in Necromancy
  7124 | Bailey   | Reached skill level 5 in Fire Magic
  7124 | Bailey   | Reached skill level 5 in Ice Magic
  7124 | Bailey   | Reached skill level 5 in Air Magic
  7124 | Bailey   | Reached skill level 5 in Earth Magic
  7124 | Bailey   | Reached skill level 5 in Alchemy
  7335 | Bailey   | Reached skill level 8 in Spellcasting
  7578 | D:7      | Found a sacrificial altar of Ru.
  7859 | D:7      | Found a burning altar of Makhleb.
  8101 | D:8      | Noticed a two-headed ogre
  8209 | D:8      | Noticed a two-headed ogre
  8527 | D:8      | Found a stormy altar of Qazlal.
  8569 | D:8      | Found an opulent altar of Gozag.
  8713 | D:8      | Killed a two-headed ogre
  8759 | D:8      | Found a shadowy altar of Dithmenos.
  8785 | D:8      | Found an iron altar of Okawaru.
  8790 | D:8      | Became a worshipper of Warmaster Okawaru
  8817 | D:8      | Reached XP level 11. HP: 80/85 MP: 23/23
  8854 | D:8      | Killed a two-headed ogre
  9150 | D:9      | Found a runed translucent door.
  9152 | D:9      | Found a basalt altar of Yredelemnul.
  9279 | D:9      | Reached * piety under Okawaru
  9424 | D:9      | Found a staircase to the Lair.
  9737 | D:9      | Reached ** piety under Okawaru
 10042 | D:10     | Entered Level 10 of the Dungeon
 10365 | D:10     | Reached *** piety under Okawaru
 10586 | D:10     | Found a runed translucent door.
 10586 | D:10     | Found a shimmering altar of Xom.
 10586 | D:10     | Noticed a +1 war axe of chaos
 10586 | D:10     | Noticed Biggs's ghost (journeyman CoHu)
 10782 | D:11     | Noticed an eight-headed hydra
 10793 | D:11     | Killed an eight-headed hydra
 10794 | D:11     | Reached skill level 9 in Spellcasting
 10856 | D:11     | Found a staircase to the Orcish Mines.
 10888 | D:11     | Reached XP level 12. HP: 86/94 MP: 25/25
 10909 | D:11     | Reached **** piety under Okawaru
 10956 | D:11     | Noticed Grum
 11006 | D:11     | Killed from afar by an orc priest

Illustrated notes

Levels and vault maps discovered:
D:1:      dpeg_arrival_water_altar, layout_basic
D:2:      layout_loops_cross
D:3:      layout_loops_ring, mainiacjoe_overflow_chevrons,
          gup_sewer_entry_glass, serial_bayou_lake_a, uniq_crazy_yiuf_cottage
D:4:      layout_cave_pools, minmay_temple_entry_poolview,
          amcnicky_mini_pool_small, uniq_eustachio
D:5:      layout_loops_ring, mainiacjoe_overflow_six_doors_small, minitemple,
          serial_undead, serial_undead_c, serial_undead_f, serial_undead_b,
          serial_undead_a, uniq_duvessa
D:6:      layout_basic, zin_statuary, tso_altar, nicolae_ossuary_entry_plus,
          uniq_blork_the_orc
D:7:      layout_cave_pools, hangedman_ru_absence,
          mainiacjoe_overflow_small_starburst, serial_park, serial_park_tiny_2,
          serial_park_square1 [serial_park_minivault_5x5_5], serial_park_tiny_2,
          enter_bailey_7, uniq_maggie
D:8:      layout_rooms, lemuel_crystal_altar, grunt_gozag_statues,
          nicolae_qazlal_general_emergency, grunt_dithmenos_shadows,
          minmay_manual_monstrance
D:9:      layout_roguey, dk_yredelemnul_ordeal, david_lair_generic, minivault_8
D:10:     layout_roguey, ebering_ghost_xom
D:11:     layout_loops_ring, david_orc_2, hellmonk_guarded_unrand_vines,
          uniq_grum
Temple:   hellmonk_temple_flake

Skill      XL: |  1  2  3  4  5  6  7  8  9 10 11 12 |
---------------+-------------------------------------+-----
Spellcasting   | 5 6 7 8 9 |  9.1
Invocations    | 1 5 6 7 8 |  8.2
Short Blades   | 1 4 5 6 7 |  7.5
Long Blades    | 1 4 5 6 7 |  7.5
Axes           | 1 4 5 6 7 |  7.5
Maces & Flails | 1 4 5 6 7 |  7.5
Staves         | 1 4 5 6 8 |  8.3
Ranged Weapons | 1 4 5 6 7 |  7.5
Stealth        | 1 4 5 6 7 |  7.5
Shields        | 1 4 5 6 7 |  7.5
Unarmed Combat | 1 4 5 6 7 |  7.5
Evocations     | 1 4 5 6 7 |  7.5
Shapeshifting  | 1 4 5 6 |  6.8
Conjurations   | 1 3 4 5 6 |  6.2
Hexes          | 1 3 4 5 6 |  6.2
Summonings     | 1 3 4 5 6 |  6.2
Necromancy     | 1 3 4 5 6 |  6.2
Fire Magic     | 1 3 4 5 6 |  6.2
Ice Magic      | 1 3 4 5 6 |  6.2
Air Magic      | 1 3 4 5 6 |  6.2
Earth Magic    | 1 3 4 5 6 |  6.2
Alchemy        | 1 3 4 5 6 |  6.2
Throwing       | 3 5 6 7 8 |  8.0
Armour         | 3 5 6 7 8 |  8.0
Fighting       | 6 7 8 |  8.9
Polearms       | 6 7 8 |  8.9
Dodging        | 6 7 8 |  8.9
Translocations | 6 7 8 |  8.4

Action                     |  1- 3 |  4- 6 |  7- 9 | 10-12 || total
---------------------------+-------+-------+-------+-------++-------
  Melee: Spear             |   184 |   144 |       |       ||   328
         Bite              |    11 |     7 |    96 |   104 ||   218
         Dagger            |       |    10 |   596 |   404 ||  1010
         Morningstar       |       |       |       |   376 ||   376
  Throw: Boomerang         |       |       |       |     6 ||     6
         Dart              |       |       |       |     3 ||     3
   Cast: Maxwell's Portabl |       |     2 |    27 |    13 ||    42
         Blink             |       |       |       |     5 ||     5
  Evoke: Wand              |       |       |       |    10 ||    10
    Use: Scroll            |     6 |     6 |     7 |       ||    19
         Potion            |       |     1 |     4 |     1 ||     6
   Stab: Sleeping          |     2 |     8 |    10 |     3 ||    23
         Distracted        |       |       |     1 |       ||     1
         Paralysed         |       |       |       |     4 ||     4
 Armour: Leather armour    |    92 |    74 |   105 |       ||   271
         Ring mail         |       |       |   164 |       ||   164
         Scale mail        |       |       |    84 |   660 ||   744
  Dodge: Dodged            |    95 |    96 |   325 |   392 ||   908
  Block: Other             |       |       |       |    99 ||    99

Table legend: (Time is in decaauts)
 A = Elapsed time spent in this place.
 B = Non-inter-level travel time spent in this place.
 C = Inter-level travel time spent in this place.
 D = Time resting spent in this place.
 E = Time spent auto-exploring this place.
 F = Levels seen in this place.
 G = Mean time per level.
                   A        B        C        D        E       F      G
               +--------+--------+--------+--------+--------+-----+--------+
         Total |  10806 |  10523 |    283 |    729 |   6383 |  15 |  720.4 |
       Dungeon |   9287 |   9004 |    283 |    556 |   5697 |  11 |  844.3 |
        Temple |      1 |      1 |      0 |      0 |      0 |   1 |    1.0 |
         Sewer |    500 |    500 |      0 |     51 |    277 |   1 |  500.0 |
       Ossuary |    519 |    519 |      0 |    100 |    195 |   1 |  519.0 |
        Bailey |    498 |    498 |      0 |     22 |    214 |   1 |  498.0 |
               +--------+--------+--------+--------+--------+-----+--------+

Top non-repeatable levels by time:
     D:1: 1041 daAuts
     D:3: 975 daAuts
     D:6: 949 daAuts
     D:2: 947 daAuts
     D:9: 929 daAuts
     D:5: 908 daAuts
     D:7: 882 daAuts
     D:8: 868 daAuts
     D:4: 796 daAuts
    D:10: 737 daAuts
 Ossuary: 519 daAuts
   Sewer: 500 daAuts
  Bailey: 498 daAuts
    D:11: 250 daAuts
  Temple: 1 daAuts
